 Dungeon Crawl Stone Soup version 0.31.0-12-g77e489cdc1 (webtiles) character file.

Game seed: 17235189871646820951

37 Killerpretzel the Changeling (level 3, -1/23 HPs)
             Began as an Octopode Shapeshifter on Mar 2, 2024.
             Slain by a goblin
             ... wielding a +0 club
             ... led by Robin
              (3 damage)
             ... on level 2 of the Dungeon.
             The game lasted 00:00:46 (913 turns).

Killerpretzel the Changeling (Octopode Shapeshifter) Turns: 913, Time: 00:00:47

Health: -1/23      AC:  1    Str: 13    XL:     3   Next: 41%
Magic:  3/3        EV: 13    Int: 12    God:
Gold:   46         SH:  0    Dex: 13    Spells: 2/2 levels left

rFire   . .          .
                       - Unarmed
rCold   . . .        (no shield)
rNeg    . . .        (helmet currently unavailable)
rPois   .            (no amulet)
rElec   .            (no ring)
rCorr   .            (no ring)
SInv    .            (no ring)
Will    .....        (no ring)
Stlth   ++           (no ring)
HPRegen 0.23/turn    (no ring)
MPRegen 0.08/turn    (no ring)
                     (no ring)

%: no passive effects
@: beast-form
A: beast (slay +2), almost no armour, amphibious, 8 rings, camouflage 1,
gelatinous body 1, (nimble swimmer 1), tentacles
a: Begin Untransformation


You were on level 2 of the Dungeon.
You were a hulking beast.
You visited 1 branch of the dungeon, and saw 2 of its levels.

You collected 46 gold pieces.

Inventory:

Talismans
 b - a beast talisman
 c - a flux talisman
Scrolls
 d - a scroll of fog
 f - a scroll of poison {unknown}
Potions
 a - a potion of lignification
 e - 2 potions of brilliance
 h - a potion of might
 i - a potion of berserk rage
 k - 2 potions of cancellation {unknown}
 l - a potion of haste {unknown}
 m - a potion of resistance {unknown}


   Skills:
 + Level 1.6 Fighting
 + Level 2.3 Dodging
 + Level 3.2 Unarmed Combat
 * Level 3.5 Shapeshifting


You had 2 spell levels left.
You didn't know any spells.
Your spell library was empty.

Dungeon Overview and Level Annotations

Branches:
Dungeon (2/15)

Altars:

Annotations:
D:2 Robin


Innate Abilities, Weirdness & Mutations

You are a hulking beast.
Your limbs bulge with bestial killing power. (Slay +2)
You cannot wear most types of armour.
You are amphibious.
You can wear up to eight rings at the same time.
Your skin changes colour to match your surroundings (Stealth+).
Your rubbery body absorbs attacks. (AC +1, EV +1)
((You are camouflaged when in or above water. (Stealth+)))
You have tentacles for arms and can constrict up to eight enemies at once.


Message History

The jackal attacks as it pursues you! The jackal bites you.
You tentacle-slap the jackal. You grab the jackal.
You squeeze the jackal, but do no damage.
The jackal is severely wounded.
You constrict the jackal, but do no damage.
The jackal barely misses you. The jackal bites you.
* * * LOW HITPOINT WARNING * * *
You tentacle-slap the jackal.
You kill the jackal!
You barely miss the goblin. You grab the goblin. You constrict the goblin.
The goblin hits you with a +0 club.
* * * LOW HITPOINT WARNING * * *
You tentacle-slap the goblin.
You kill the goblin!
The goblin no longer looks unusually strong.
You bludgeon the jackal!
You kill the jackal!
Robin throws the goblin at you!
You tentacle-slap the goblin.
You kill the goblin!
The goblin completely misses you.
You barely miss the goblin. You grab the goblin. You squeeze the goblin.
The goblin is almost dead.
You constrict the goblin.
You kill the goblin!
The hobgoblin no longer looks unusually strong.
Robin barely misses you. The goblin misses you.
You bludgeon the goblin!
You kill the goblin!
Robin hits you from afar with a +0 trident.
* * * LOW HITPOINT WARNING * * *
You tentacle-slap the hobgoblin.
You kill the hobgoblin!
Robin throws the goblin at you!
* * * LOW HITPOINT WARNING * * *
You tentacle-slap the hobgoblin. You grab the hobgoblin.
You squeeze the hobgoblin.
You kill the hobgoblin!
The goblin hits you with a +0 club.
You die...

................#.............#
................#.............#
......................#........
.........g.###.###...##...†....
.........#g....##..............
........gg..#.h##..............
......)g.h.g##g.........######.
.......ggg..##)#.#.######......
.........#####h#.#.# ##.####.
.......w.#...g))...#####..#####
.........#..^.....##.........##
....######.........#.........'.
.... ...........#.........##
... ............+.>......... ..
...........##..........#
...........##..........#
#..<.......#


You could see Robin, a jackal and a goblin.

Vanquished Creatures
  2 dart slugs (D:1)
  A ball python (D:1)
  4 endoplasms
  A giant cockroach (D:2)
  9 goblins
  4 hobgoblins
  3 jackals (D:2)
  A bat (D:2)
  2 kobolds (D:1)
  A rat (D:1)
28 creatures vanquished.

Notes
Turn   | Place    | Note
-------+----------+-------------------------------------------
     0 | D:1      | Killerpretzel the Octopode Shapeshifter began the quest for
                  | the Orb.
     0 | D:1      | Reached XP level 1. HP: 13/13 MP: 1/1
    47 | D:1      | Reached XP level 2. HP: 7/18 MP: 2/2
   840 | D:2      | Reached XP level 3. HP: 14/23 MP: 3/3
   888 | D:2      | Noticed Robin
   913 | D:2      | Slain by a goblin

Illustrated notes

Levels and vault maps discovered:
D:1:      enne_arrival_octagon_isle, layout_loops_ring, minmay_hexomino_c4
D:2:      layout_basic, uniq_robin

Action                     || total
---------------------------++-------
  Melee: Unarmed           ||    50
         Constrict         ||    12
         Tentacles         ||    11
    Use: Scroll            ||     6
   Stab: Sleeping          ||     3
 Armour: Skin              ||    27
  Dodge: Dodged            ||    37
